 Dungeon Crawl Stone Soup version 0.27-a0-1280-g9d2d252d84 (webtiles) character file.

Game seed: 4385208806766807113

205 EiAlmux the Digger (level 5, -1/30 HPs)
             Began as a Gargoyle Earth Elementalist on June 13, 2021.
             Shot with an arrow by a centaur (8 damage)
             ... on level 4 of the Dungeon.
             The game lasted 00:07:28 (3311 turns).

EiAlmux the Digger (Gargoyle Earth Elementalist)    Turns: 3311, Time: 00:07:28

Health: -1/30      AC: 10    Str: 11    XL:     5   Next: 83%
Magic:  7/9        EV: 11    Int: 17    God:
Gold:   105        SH:  0    Dex: 10    Spells: 3/9 levels left

rFire    . . .     SeeInvis .   r - +1 dagger (speed)
rCold    . . .     Faith    .   (no shield)
rNeg     + . .     Spirit   .   c - +0 robe
rPois    ∞         Reflect  .   k - +2 helmet
rElec    +         Harm     .   d - +0 cloak
rCorr    .         Rampage  .   (no gloves)
Will     .....                  (no boots)
Stlth    ++........             (no amulet)
HPRegen  0.10/turn              (no ring)
MPRegen  0.11/turn              (no ring)

@: no status effects
A: sickness immunity, AC +4, negative energy resistance 1, electricity
resistance, torment resistance 1, petrification resistance
a: no special abilities


You were on level 4 of the Dungeon.
You visited 1 branch of the dungeon, and saw 4 of its levels.

You collected 105 gold pieces.

Inventory:

Hand Weapons
 r - a +1 dagger of speed (weapon)
Missiles
 b - 67 stones
Armour
 c - a +0 robe (worn)
 d - a +0 cloak (worn)
 k - a +2 helmet (worn)
Scrolls
 a - a scroll of blinking {unknown}
 g - a scroll of holy word {unknown}
 j - a scroll of fear {unknown}
 n - 2 scrolls of teleportation {unknown}
 p - a scroll of amnesia {unknown}
 q - a scroll of enchant armour {unknown}
Potions
 e - 5 potions of heal wounds
 l - 2 potions of might
 m - a potion of mutation
 o - a potion of resistance


   Skills:
 - Level 2.0 Fighting
 - Level 1.5 Dodging
 - Level 2.1 Stealth
 + Level 2.7 Spellcasting
 * Level 3.4 Conjurations
 + Level 1.9 Transmutations
 + Level 4.3 Earth Magic


You had 3 spell levels left.
You knew the following spells:

 Your Spells              Type           Power      Damage    Failure   Level
a - Sandblast             Erth           34%        2d9       3%          1
b - Passwall              Tmut/Erth      10%        N/A       8%          2
c - Stone Arrow           Conj/Erth      30%        3d8       11%         3

Your spell library contained the following spells:

 Spells                   Type           Power      Damage    Failure   Level
 Petrify                  Tmut/Erth      13%        N/A       43%         4
 Lee's Rapid Deconstruct  Erth           8%         3d8*      63%         5


Dungeon Overview and Level Annotations

Branches:
Dungeon (4/15)
 Temple: D:4-7

Altars:
Dithmenos


Innate Abilities, Weirdness & Mutations

You are immune to sickness and miasma.
Your stone body is resilient. (AC +4)
You are immune to poison.
You resist negative energy. (rN+)
You are resistant to electric shocks. (rElec)
You are resistant to unholy torment.
You are immune to petrification.


Message History

You closely miss the jackal.
The jackal is severely wounded.
The jackal bites you but does no damage.
You barely miss the jackal.
The jackal is severely wounded.
The jackal barely misses you.
You hit the jackal but do no damage.
The jackal is severely wounded.
The jackal closely misses you.
You hit the jackal.
You kill the jackal!
No target in view!
HP restored.
Found a ring mail.
You see here a jackal corpse.
You now have 101 gold pieces (gained 4).
You now have 105 gold pieces (gained 4).
Found an escape hatch in the floor.
A centaur comes into view.
The centaur wields a +0 shortbow.
The centaur shoots an arrow.
The arrow hits you.
You can't see any susceptible monsters within range! (Use Z to cast anyway.)
The centaur shoots an arrow.
The arrow barely misses you.
The centaur shoots an arrow.
The arrow closely misses you.
You can't see any susceptible monsters within range! (Use Z to cast anyway.)
The centaur shoots an arrow.
The arrow hits you!
The centaur shoots an arrow.
The arrow hits you!
* * * LOW HITPOINT WARNING * * *
Found a stone staircase leading up.
You are too injured to fight recklessly!
The centaur shoots an arrow.
The arrow closely misses you.
Casting: Sandblast (safe; 3% risk of failure)
Confirm with . or Enter, or press ? or * to list all spells.
Aiming: Passwall (safe; 8% risk of failure)
Press: ? - help, Dir - move target A rock wall.
The centaur shoots an arrow.
The arrow misses you.
You begin to meditate on the wall.
You continue meditating on the rock.
The centaur shoots an arrow.
The arrow hits you!
You die...

#...# ##..#
#..# #..##
##..##
#....#
#....#####
#.#......#
...#@...#.#
#.####...##
# #......#
##c.####
...# ...#
<....
#.....
......


You could see a centaur.

Vanquished Creatures
  An orc wizard (D:2)
  4 adders
  4 gnolls (D:2)
  A river rat (D:3)
  An ufetubus (D:4)
  3 worms
  7 orcs
  4 ball pythons
  3 endoplasms
  3 giant cockroaches
  7 goblins
  5 hobgoblins
  12 jackals
  6 quokkas
  2 bats (D:3)
  5 frilled lizards
  3 kobolds
  4 rats
75 creatures vanquished.

Notes
Turn   | Place    | Note
-------+----------+-------------------------------------------
     0 | D:1      | EiAlmux the Gargoyle Earth Elementalist began the quest for
                  | the Orb.
     0 | D:1      | Reached XP level 1. HP: 10/10 MP: 3/3
   364 | D:1      | Reached XP level 2. HP: 8/16 MP: 1/5
   580 | D:1      | Reached skill level 1 in Conjurations
   580 | D:1      | Reached skill level 1 in Transmutations
   730 | D:2      | Found a shadowy altar of Dithmenos.
   819 | D:2      | Reached skill level 1 in Fighting
   819 | D:2      | Reached XP level 3. HP: 11/20 MP: 6/6
  1008 | D:2      | Reached skill level 4 in Earth Magic
  1008 | D:2      | Reached XP level 4. HP: 25/25 MP: 0/7
  1264 | D:2      | Learned a level 2 spell: Passwall
  1268 | D:2      | Learned a level 3 spell: Stone Arrow
  1320 | D:2      | Found a faded altar of an unknown god.
  1631 | D:2      | Reached XP level 5. HP: 12/30 MP: 0/8
  3305 | D:4      | Noticed a centaur
  3311 | D:4      | Shot with an arrow by a centaur

Illustrated notes

Levels and vault maps discovered:
D:1:      amcnicky_arrival_flooded_fountain, layout_rooms
D:2:      layout_rooms, shapermc_ecumenical_altar_totnotflames, basic_altar
D:3:      minmay_evil_eye, layout_rooms, gup_sewer_entry_spiral,
          grunt_ministairs_13, minmay_misc_feat_doors, corexii_leaking_fountain,
          kennysheep_flooded_box, dk_vineyard_2
D:4:      layout_basic, st_stairs_6, grunt_tough_drop

Skill      XL: |  1  2  3  4  5 |
---------------+----------------+-----
Conjurations   | 1 2 3 |  3.4
Transmutations | 1 |  1.9
Fighting       | 1 2 |  2.0
Earth Magic    | 4 |  4.3
Dodging        | |  1.5
Stealth        | |  2.1
Spellcasting   | |  2.7

Action                   |  1- 3 |  4- 6 || total
-------------------------+-------+-------++-------
Melee: Unarmed           |    13 |       ||    13
       Club              |     5 |       ||     5
       Short sword       |    16 |   111 ||   127
       Dagger            |       |    30 ||    30
 Cast: Sandblast         |    19 |    52 ||    71
       Passwall          |       |     1 ||     1
  Use: Scroll            |       |     4 ||     4
 Stab: Sleeping          |     2 |     3 ||     5
Armor: Robe              |    12 |    81 ||    93
Dodge: Dodged            |    17 |   105 ||   122

Table legend: (Time is in decaauts)
 A = Elapsed time spent in this place.
 B = Non-inter-level travel time spent in this place.
 C = Inter-level travel time spent in this place.
 D = Time resting spent in this place.
 E = Time spent auto-exploring this place.
 F = Levels seen in this place.
 G = Mean time per level.
                   A        B        C        D        E       F      G
               +--------+--------+--------+--------+--------+-----+--------+
         Total |   3389 |   3204 |    185 |      0 |   2673 |   4 |  847.2 |
       Dungeon |   3389 |   3204 |    185 |      0 |   2673 |   4 |  847.2 |
               +--------+--------+--------+--------+--------+-----+--------+

Top non-repeatable levels by time:
     D:3: 1327 daAuts
     D:2: 1176 daAuts
     D:1: 729 daAuts
     D:4: 155 daAuts
